[Event "2nd Bundesliga Nord 2024-25"]
[Site "Germany"]
[Date "2025.02.23"]
[Round "9.3"]
[White "Baklan, Vladimir"]
[Black "Rotstein, Arkadij"]
[Result "1-0"]
[Annotator "TA"]
[ECO "B42"]
[WhiteElo "2553"]
[BlackElo "2432"]
[PlyCount "67"]
[EventDate "2024.11.29"]
[EventType "team-tourn"]
[EventCountry "GER"]
[SourceTitle "playchess.com"]
[Source "ChessBase"]
[SourceQuality "1"]
[TimeControl "40/5400+30:1800+30"]

1. e4 c5 2. Nf3 e6 3. d4 cxd4 4. Nxd4 a6 5. Bd3 Nf6 6. Qe2 d6 {[%emt 0:01:41] B42: Sicilian: Kan Variation: 5 Bd3.} 7. Nc3 Nbd7 {[%emt 0:02:56] has lost popularity (7...b5).} 8. g4 g6 $146 {[%emt 0:04:10] The position is equal.} ({Predecessor:} 8... Nc5 9. g5 Nfd7 10. Be3 b5 11. a3 Bb7 12. O-O-O Nxd3+ 13. cxd3 Nb6 14. f4 Rc8 {1-0 Pajcin,L (1960)-Parkajic,B (1886) SRB-ch U14 Kragujevac 2019 (8)}) 9. h4 h5 10. gxh5 Nxh5 11. Bg5 {[%emt 0:00:03] Against Qf6} Be7 12. Qd2 Nc5 13. Be2 b5 {[%emt 0:27:50] [#]} (13... Nf6 $14) 14. b4 $1 $36 {[%emt 0:09:32][%mdl 2048] White is in control. White now steadily converts the win.} Nd7 15. Nc6 Bxg5 16. hxg5 {[%emt 0:01:15] A sharp opening} (16. Qxg5 Qf6 17. Qxf6 (17. O-O-O Bb7 $15) 17... Ndxf6 $17) 16... Qc7 17. Na5 {[%emt 0:00:10] White is much more active. The black rooks are passive.} Ne5 (17... Nb6 $16 {was necessary.}) 18. f4 $18 Nc6 19. Nxc6 Qxc6 20. Qd4 Rh7 21. Bxh5 gxh5 {[%emt 0:00:19] Black is weak on the dark squares} 22. O-O-O Bb7 {[%emt 0:02:21] [#]} 23. Rh3 $1 Rc8 24. f5 (24. Qxd6 Qxd6 25. Rxd6 Rc4 $18) 24... e5 (24... Qc4 $142 25. Qxd6 Qc7 26. fxe6 Qxd6 27. Rxd6 Rc4) 25. Qd2 Qc7 (25... Qd7 $142 26. Rd3 (26. Qxd6 Qxd6 27. Rxd6 h4 $18) 26... Rd8) 26. g6 fxg6 27. fxg6 Rg7 28. Rxh5 (28. Qxd6 Qxd6 29. Rxd6 Rc6 30. Rxc6 Bxc6 31. Rxh5 Rxg6 32. Rxe5+ Kd7 $16) 28... Kd7 {[%emt 0:01:27] [#]} 29. Rf5 $1 {[%emt 0:04:08] and Qh6 should not be overlooked} Re8 30. Nd5 Bxd5 31. Qxd5 (31. exd5 Rxg6 32. Rf7+ Re7 $18) 31... Re6 {[%emt 0:01:05] Wards off Rf6} 32. Rdf1 {[%emt 0:01:06] Threatening mate with Rf7+.} ({Not} 32. Rxe5 Rgxg6 (32... Rxe5 $2 33. Qxe5 Re7 34. Qd4 $18) 33. Rxe6 Rxe6 $18) 32... Ree7 33. Rf7 Qc4 34. Qb7+ {[%emt 0:00:49] Weighted Error Value: White=0.09 (flawless) /Black=0.93  Mistake:       	---       	Black=4      Inaccurate:     	White=1     	Black=1      OK:         	White=10    	Black=5      Best:        	White=1     	---        Strong:       	White=2     	---} 1-0

[Event "2nd Bundesliga Nord 2024-25"]
[Site "Germany"]
[Date "2025.02.23"]
[Round "9.4"]
[White "Suvorov, Alexander"]
[Black "Meins, Gerlef"]
[Result "1/2-1/2"]
[Annotator "TA"]
[ECO "D02"]
[WhiteElo "2356"]
[BlackElo "2374"]
[PlyCount "42"]
[EventDate "2024.11.29"]
[EventType "team-tourn"]
[EventCountry "GER"]
[SourceTitle "playchess.com"]
[Source "ChessBase"]
[SourceQuality "1"]
[TimeControl "40/5400+30:1800+30"]

1. Nf3 c5 2. c3 d5 3. d4 Nf6 4. dxc5 e6 5. b4 a5 $1 6. e3 {[%emt 0:00:33] D02: 1 d4 d5 2 Nf3 sidelines, including 2...Nf6 3 g3 and 2...Nf6 3 Bf4.} axb4 7. cxb4 b6 $1 8. Bb5+ Bd7 9. Bxd7+ Nbxd7 10. a4 bxc5 11. b5 Bd6 12. Bb2 {[%emt 0:01:15] The position is equal.} O-O 13. O-O Qc7 14. Nbd2 {[%emt 0:05:00] An uneventful encounter.   Weighted Error Value: White=0.08 (flawless) /Black=0.08 (flawless)   Inaccurate:     	---       	Black=1      OK:         	White=4     	Black=2      Best:        	---       	Black=1      Strong:       	---       	Black=1} c4 $146 15. Bc3 e5 16. a5 e4 17. b6 Qb8 18. Nd4 Bxh2+ 19. Kh1 Be5 20. Nc6 Qd6 21. Nxe5 Nxe5 {1-0 Firouzja,A (2749)-So,W (2770) Skilling op Prelim rapid 2020 (2)} 1/2-1/2

[Event "2nd Bundesliga Nord 2024-25"]
[Site "Germany"]
[Date "2025.02.23"]
[Round "9.5"]
[White "Van der Hagen, Loek"]
[Black "Suvorov, Luca"]
[Result "0-1"]
[Annotator "TA"]
[ECO "C55"]
[WhiteElo "2287"]
[BlackElo "2388"]
[PlyCount "108"]
[EventDate "2024.11.29"]
[EventType "team-tourn"]
[EventCountry "GER"]
[SourceTitle "playchess.com"]
[Source "ChessBase"]
[SourceQuality "1"]
[TimeControl "40/5400+30:1800+30"]

1. e4 e5 2. Nf3 Nc6 3. Bc4 Nf6 4. d3 h6 5. c3 d6 6. a4 {[%emt 0:00:09] C55: Two Knights: 4 d3, 4 d4 exd4 5 e5 and Max Lange Attack.} g5 7. Qb3 Qe7 8. a5 {[%emt 0:00:28] White is slightly better.} a6 9. O-O Nd7 $146 (9... Bg7 10. Re1 Rb8 11. Qd1 g4 12. Nfd2 h5 13. Nf1 Be6 14. Ne3 Nh7 15. Nd2 Qf6 {0-1 Gomez Barrera,J (2174)-Lopez Rayo,I (1974) American Continental (Women) 15th 2024 (6)}) 10. Be3 $1 Bg7 11. h3 O-O (11... Nf6 $11) 12. Re1 Nd8 13. Nbd2 Ne6 14. Nf1 Nf4 15. d4 Qf6 16. Qd1 Re8 17. Ng3 Nf8 18. Bxf4 gxf4 19. Nh5 Qg6 20. Nxg7 (20. Nh4 $11 {was the only way to keep the balance.} Qg5 21. Nxg7 Kxg7 22. Nf3) 20... Bxh3 $1 $17 21. Nh4 Qxg7 22. Kf1 Qg5 23. Qd3 ({White should try} 23. gxh3 $15 Qxh4 24. Qg4+ Qxg4 25. hxg4) 23... Qxh4 24. Qxh3 Qxh3 25. gxh3 Ng6 26. f3 Kg7 27. Kf2 Kf6 28. Rg1 Rg8 29. Ra3 Ne7 30. Rxg8 Nxg8 $15 {[%emt 0:00:07][%mdl 4096] Endgame KRB-KRN. Black is a pawn up.} 31. Rb3 Ra7 32. Kg2 (32. Bd5 $15 c6 33. Bc4) 32... Ne7 $17 33. d5 Ng6 34. Bd3 Nf8 35. Rb4 {[%emt 0:00:33] [#]} (35. Ra3 $17) 35... Nd7 $1 $19 36. Bc2 Ke7 (36... Nc5 $19 37. h4 Ra8) 37. Rc4 {[%emt 0:01:09] [#]} (37. Ra4 $17) 37... b5 $1 38. axb6 Nxb6 (38... cxb6 39. Rc8 $17) 39. Rc6 a5 40. h4 h5 41. Kf2 a4 42. Ke2 Kd8 43. Kd2 a3 44. bxa3 Rxa3 45. Kc1 (45. Bd3 {might work better.}) 45... Ra1+ 46. Bb1 $2 (46. Kd2) 46... Ra5 $2 (46... f5 {...fxe4 would now be deadly.} 47. Kb2 Rxb1+ 48. Kxb1 fxe4) 47. Kb2 $2 (47. Kd2) 47... Na4+ {[%emt 0:00:35] Black is clearly winning.} 48. Kc1 Nc5 49. Kb2 Kc8 50. Bc2 Kb7 51. Bd1 Ra8 52. Be2 Rg8 {[%emt 0:00:36] ( -> ...Rg2)} 53. Ka3 Rg2 54. Bb5 Rf2 {[%emt 0:00:40] Weighted Error Value: White=0.46/Black=0.17 (very precise)   Mistake:       	White=8     	Black=3      Inaccurate:     	White=2     	Black=3      OK:         	White=12    	Black=16     Best:        	White=1     	Black=1      Strong:       	White=1     	Black=3} 0-1

[Event "2nd Bundesliga Nord 2024-25"]
[Site "Germany"]
[Date "2025.02.23"]
[Round "9.6"]
[White "Korotkjevich, Stanislav"]
[Black "Lobzhanidze, Davit"]
[Result "0-1"]
[Annotator "TA"]
[ECO "E12"]
[WhiteElo "2360"]
[BlackElo "2394"]
[PlyCount "184"]
[EventDate "2024.11.29"]
[EventType "team-tourn"]
[EventCountry "GER"]
[SourceTitle "playchess.com"]
[Source "ChessBase"]
[SourceQuality "1"]
[TimeControl "40/5400+30:1800+30"]

1. d4 Nf6 2. Nf3 e6 3. c4 b6 4. a3 Bb7 5. Nc3 d5 6. cxd5 Nxd5 7. Qc2 Be7 8. e4 Nxc3 9. bxc3 Nd7 10. Bd3 c5 11. O-O Qc7 12. Qe2 O-O 13. Bb2 Rac8 14. Nd2 {[%emt 0:06:28] has lost popularity (14.Rad1). E12: Queen's Indian: Unusual White 4th moves, 4 a3, 4 Nc3 Bb7 5 a3 and 4 Nc3 Bb7 .} Bg5 15. Rad1 e5 16. Nf3 {[%emt 0:05:10] White is slightly better.} Bf6 17. Bb5 cxd4 18. cxd4 exd4 19. Bxd4 $146 (19. Nxd4 Nc5 20. Nf5 Bxb2 21. Qxb2 f6 22. Nd6 Rb8 23. f3 Kh8 24. Rf2 Ba6 25. Bxa6 Nxa6 {1-0 Pert,N (2539)-Dinger,F (2378) Hastings Masters op 83rd 2007 (3)}) 19... Bxd4 20. Rxd4 (20. Bxd7 $11 Rcd8 (20... Qxd7 21. Nxd4 Qa4 22. Nf5 $11) 21. Nxd4 Rxd7 22. Nb5) 20... Nc5 $15 21. Rfd1 Rcd8 22. Rxd8 Rxd8 23. e5 Rxd1+ 24. Qxd1 Ne6 25. a4 g6 26. h4 Kg7 27. h5 gxh5 (27... Qc3 $17 28. hxg6 hxg6) 28. Nd4 $1 Qxe5 29. Nxe6+ Qxe6 30. Qxh5 {[%emt 0:00:09][%mdl 4096] Endgame KQB-KQB. Black is a pawn up.} h6 {[%emt 0:01:20] Prevents Qg5+.} 31. Qh4 Qe1+ 32. Kh2 $1 Qe5+ 33. f4 Qf6 {[%emt 0:01:17] Active counter play!} 34. Qg3+ Qg6 35. Qc3+ Kg8 36. Bf1 Qe4 (36... Bc6 $17 37. a5 Qd6 38. Qg3+ Kf8 39. axb6 axb6) 37. Qg3+ $1 Kf8 38. Qh4 Kg7 (38... Qxa4 $6 39. Qxh6+ Ke8 40. Qf6 $11) 39. Qg3+ Qg6 $1 40. Qc3+ Qf6 41. Qg3+ Kf8 42. Qa3+ Qe7 43. Qh3 Qd6 44. Qf5 (44. Qe3 $17) 44... Qe6 (44... Qd4 $19 45. Bd3 a6 (45... Qxa4 46. Qf6 $17)) 45. Qc2 (45. Qd3 $17) 45... Qc6 (45... Qe1 $19 46. Qc4 Qf2) 46. Qd2 Qd5 (46... Qxa4 $6 47. Qd6+ Kg7 48. Qe5+ Kg8 49. Qb8+ Kg7 50. Qe5+ (50. Qxb7 Qxf4+ 51. Kg1 Qd4+ 52. Kh1 Qh4+ 53. Kg1 Qd4+ 54. Kh1 Qh4+ 55. Kg1 Qd4+ $11) 50... Kf8 51. Qh8+ (51. Qb8+ Kg7 $11) 51... Ke7 52. Qe5+ Kf8 53. Qh8+ Ke7 54. Qe5+ Kd8 55. Bb5 $11) 47. Qc3 Qd6 48. Qe3 Qc5 49. Qh3 Qc6 50. Qh4 (50. Qa3+ $15 {is superior.} Kg7 51. Qa1+ f6 52. Qd1) 50... Qd6 $17 (50... Qxa4 $6 51. Qxh6+ Ke8 52. Qd6 $11) 51. Qg4 Bc6 52. Bb5 Bd5 53. Qh4 Kg7 54. Bd3 Bb7 ({Black should play} 54... Kg8 $17 55. Bb5 Be4 56. Qg3+ Qg6) 55. Qg3+ (55. Qg4+ $1 $11 {remains equal.} Kf8 56. Bc2) 55... Kf8 56. Bf1 a6 57. Qh4 Bc6 58. Kh1 (58. Bxa6 $17 Bxa4 59. Bf1) 58... Bxa4 59. f5 Bb5 60. Bxb5 axb5 $19 {[%emt 0:00:01] KQ-KQ. Black is two pawns up.} 61. f6 Ke8 62. Qxh6 b4 63. Qg5 Kd7 (63... Qd1+ $19 64. Kh2 Kd7 (64... Qd6+ 65. g3 $15) 65. Qb5+ Ke6 66. Qe8+ Kxf6 67. Qh8+ Kf5 68. Qh7+ Ke5 69. Qxf7 Qg4) 64. Qf5+ $2 (64. Qg4+ $17 {was the only chance.} Qe6 65. Qxb4) 64... Qe6 $2 ({Less strong is} 64... Kc6 65. Qc8+ Qc7 66. Qa8+ Kd6 67. Qe4 $15) (64... Kc7 $19 {has better winning chances. White must now prevent ...Qd4.} 65. Qc2+ Qc6) 65. Qf3 $2 (65. Qb5+ $17 Kc7 66. Qxb4) 65... Kc7 (65... Kd6 $142 66. Qb7 Qe1+ (66... Qxf6 67. Qxb6+ Ke5 68. Qc5+ Ke6 69. Qxb4 $11) 67. Kh2 Qe5+ 68. Kh3 Qe6+ (68... Qxf6 69. Qxb6+ Ke5 70. Qb5+ Ke6 71. Qxb4 $11) 69. g4 Ke5 (69... Qxf6 70. Qxb6+ Ke5 71. Qxb4 $11) 70. Qc7+ Kd5 (70... Kxf6 71. Qf4+ Kg6 72. Qxb4 $11) 71. Qb7+ Kd4) 66. Qf4+ Kb7 67. Qxb4 {[%emt 0:02:03] Hoping for Qe7+.} Qxf6 68. Qe4+ Kc7 69. Qd5 (69. Qc4+ $17 {was necessary.} Kb8 70. Qe4) 69... Qh6+ 70. Kg1 Qc1+ 71. Kh2 {[%emt 0:00:14] [#]} Qf4+ $1 72. Kh1 Qh4+ 73. Kg1 Qe1+ 74. Kh2 Qe6 75. Qb5 Qd6+ 76. g3 Qd2+ 77. Kg1 Qc1+ 78. Kh2 Qh6+ 79. Kg1 Qc1+ 80. Kh2 Qc5 81. Qe8 Qd5 (81... Qf2+ $19 82. Kh1 Qf1+ (82... Qxg3 83. Qc8+ Kxc8 $11) 83. Kh2 b5) 82. Kg1 $2 {[%emt 0:00:00] [#]} (82. Qe7+ $17 Qd7 83. Qe2) 82... b5 $1 83. Kf2 Qd4+ 84. Ke2 (84. Kg2 $142 Qd2+ 85. Kg1) 84... Qc4+ 85. Kd2 Qd5+ 86. Ke3 $2 (86. Kc1 $19) 86... Qe6+ {[%emt 0:01:19] Black mates.} 87. Qxe6 fxe6 {[%emt 0:00:02] KPP-KP. Black is a pawn up.} 88. Ke4 Kd6 89. g4 b4 90. Kd4 Ke7 91. Kc4 Kf6 92. Kxb4 Kg5 {[%emt 0:00:04] Weighted Error Value: White=0.18 (very precise) /Black=0.14 (very precise)   Loses game:     	White=3     	---        Missed win:     	---       	Black=1      Mistake:       	White=9     	Black=8      Inaccurate:     	White=5     	Black=1      OK:         	White=19    	Black=25     Best:        	White=9     	Black=4      Strong:       	White=3     	Black=3} 0-1

[Event "2nd Bundesliga Nord 2024-25"]
[Site "Germany"]
[Date "2025.02.23"]
[Round "9.7"]
[White "Joachim, Sven"]
[Black "Pauly, Carlo"]
[Result "1-0"]
[Annotator "TA"]
[ECO "B30"]
[WhiteElo "2405"]
[BlackElo "2319"]
[PlyCount "87"]
[EventDate "2024.11.29"]
[EventType "team-tourn"]
[EventCountry "GER"]
[SourceTitle "playchess.com"]
[Source "ChessBase"]
[SourceQuality "1"]
[TimeControl "40/5400+30:1800+30"]

1. e4 c5 2. Nf3 Nc6 3. Bb5 Nf6 4. Bxc6 dxc6 5. d3 Bg4 6. h3 {[%emt 0:00:52] B30: Sicilian: 2...Nc6 3 Bb5, lines without ...g6.} Bh5 7. Nbd2 Nd7 8. Nf1 {[%emt 0:17:18] White has an edge.} e6 9. Ng3 Bxf3 10. Qxf3 Bd6 $146 (10... g6 11. O-O Bg7 12. Qe2 e5 13. Be3 Qe7 14. Qd2 h6 15. Rab1 a5 16. a4 Nf8 {1-0 Schweitzer,W (2022)-Neumeier,K (2344) AUT-ch Jenbach 2009 (6)}) 11. O-O h5 12. Nxh5 Qh4 $1 {[%emt 0:01:18] Black sacrificed a pawn} 13. Bf4 (13. Ng3 $11) 13... Be5 $1 $15 14. Bxe5 Nxe5 15. Nxg7+ Ke7 16. Qe3 Nd7 17. Nf5+ exf5 18. exf5+ Kd6 (18... Kf6 {with more complications.} 19. Rae1 Rae8 20. Qd2 Rhg8) 19. Qg3+ $1 Ne5 (19... Qxg3 {simplifies} 20. fxg3 a5 21. g4 b5) 20. Rae1 Qf6 {[%emt 0:03:09] Successful Defense Black} (20... f6 $15 21. Qxh4 Rxh4) 21. f4 $2 (21. b4 $16 {stays on course. Hoping for bxc5+.} b6 (21... Qxf5 $2 22. bxc5+ Kd5 23. f4 $18) (21... cxb4 $2 22. d4 $18) 22. bxc5+ bxc5 23. Qf4) 21... Nd7 $19 22. Qg5 Rag8 (22... Qd4+ $19 {has better winning chances.} 23. Kh2 Kc7 (23... Qxb2 $2 24. Qe7+ Kc7 25. Qxf7 $19)) 23. Qxf6+ $17 Nxf6 24. Rf3 Nd5 (24... Rh5 $17 25. g4 Rxf5) 25. Kf2 Re8 (25... Rh4 $17 26. g4 Rgh8) 26. Rxe8 $11 Rxe8 {[%emt 0:00:05][%mdl 4096] Endgame KRN-KR} 27. c3 (27. g4 $11) 27... b5 28. g4 a5 29. h4 a4 {[%emt 0:00:19][%cal Oa4a3] aiming for ...a3!.} 30. a3 b4 31. c4 Nf6 32. g5 Nh5 33. Re3 $1 Rb8 (33... Rh8 $11) 34. Kf3 $18 bxa3 $2 (34... Rh8) 35. bxa3 Rb1 $2 (35... Rg8 36. Re4 Rb8) 36. Kg4 Ng7 37. Rg3 {[%emt 0:01:14] Inhibits Rg1.} Rh1 38. Rg2 Kd7 {[%emt 0:04:39] [#]} 39. h5 $2 ({White must play} 39. f6 $1 $18 Ne6 40. f5) 39... Rxh5 $2 {[%emt 0:06:34][%mdl 8192] [#]} (39... Nxh5 $14 40. Rb2 Ng7 41. Rb7+ Ke8 42. Rb8+ Kd7 43. Rb7+) 40. f6 $1 Ne6 41. Kxh5 {[%emt 0:03:22] White mates.} Nxf4+ 42. Kh6 Nxg2 43. g6 Ne3 44. gxf7 {[%emt 0:02:58] White used his chance.   Weighted Error Value: White=0.37/Black=0.71  Loses game:     	White=1     	Black=2      Missed win:     	White=1     	---        Mistake:       	White=2     	Black=6      Inaccurate:     	White=2     	Black=4      OK:         	White=8     	Black=11     Best:        	White=7     	Black=2      Strong:       	White=3     	Black=2} 1-0

[Event "2nd Bundesliga Nord 2024-25"]
[Site "Germany"]
[Date "2025.02.23"]
[Round "9.8"]
[White "Marcziter, Dmitrii"]
[Black "Breutigam, Martin"]
[Result "0-1"]
[Annotator "TA"]
[ECO "D36"]
[WhiteElo "2187"]
[BlackElo "2359"]
[PlyCount "78"]
[EventDate "2024.11.29"]
[EventType "team-tourn"]
[EventCountry "GER"]
[SourceTitle "playchess.com"]
[Source "ChessBase"]
[SourceQuality "1"]
[TimeControl "40/5400+30:1800+30"]

1. d4 Nf6 2. c4 e6 3. Nc3 d5 4. cxd5 exd5 5. Bg5 c6 6. e3 Nbd7 7. Bd3 Be7 8. Qc2 h6 9. Bh4 Nh5 10. Bxe7 Qxe7 11. Nge2 Nb6 12. O-O-O {[%emt 0:05:36] D36: Queen's Gambit Declined: Exchange Variation: Main line (5 Bg5 c6 6 Qc2).} Bd7 $1 {[%emt 0:02:33] 12...Bd7 scores better than 12...Be6.} 13. Kb1 O-O-O 14. Nc1 {[%emt 0:03:12] The position is equal.} g6 15. Rhe1 Ng7 16. f3 Kb8 17. Nb3 Ka8 $146 (17... Qd6 18. h3 Ne6 19. a4 Qb4 20. a5 Nc4 21. Na2 Qa4 22. Bxc4 dxc4 23. Nd2 Qxa5 24. Nxc4 {1-0 Chernyavsky,A (2339)-Hemant,S (2374) Hanoi IM 2023 (7)}) 18. Rc1 (18. e4 Ne6 $14) 18... Qd6 19. h3 Ne6 20. Ne2 Rhe8 21. Rcd1 Bc8 22. e4 dxe4 23. fxe4 Qh2 24. Rg1 Qc7 25. Rgf1 f5 26. exf5 gxf5 27. Nc3 (27. Bxf5 $2 Nd5 28. Qd3 Nef4 29. Nxf4 Nxf4 $17) (27. Rxf5 $11 Qg7 28. Rf2) 27... f4 {[%emt 0:03:45][%csl Og2,Od4][%cal Oc7g7] White has weak pawns. Black attacks a weakness} (27... Nxd4 $2 28. Nxd4 f4 (28... Rxd4 $2 29. Nb5 $18) 29. Qf2 $18) 28. Qf2 Rf8 29. Rfe1 Qg7 30. Re4 Qg3 ({Better is} 30... f3 $1 $17 31. gxf3 Nf4) 31. Qe2 {[%emt 0:04:34] [#]} (31. Qxg3 $11 {keeps the balance.} fxg3 32. Ne2) 31... Ng5 {[%emt 0:00:38] Black is more active.} (31... f3 $142 $1 32. gxf3 Nf4 (32... Rxf3 33. Qd2 $17)) 32. Re7 f3 33. gxf3 Rxf3 (33... Nxf3 $17 34. Be4 Ng5 (34... Qxh3 35. Ka1 $17) (34... Bxh3 35. Rxb7 Kxb7 36. Qa6+ Kxa6 37. Nc5+ Ka5 38. Nb7+ Ka6 39. Nc5+ Ka5 40. Nb7+ Ka6 41. Nc5+ $11)) 34. Ka1 (34. Nc5 $15) 34... Qxh3 (34... Bxh3 35. Nc5 Bc8 36. Re8 Rxe8 (36... Rxd4 37. N3a4 $17) 37. Qxe8 $17) (34... Nxh3 $142 {White must now prevent ...Nf4.} 35. Bb1 Nf4) 35. Bb1 Rxc3 36. bxc3 {[%emt 0:00:09] [#] and Rd3 would now be decisive} Bg4 $1 ({Much weaker is} 36... Qxc3+ 37. Qb2 Qg3 38. Qc1 $11) 37. Qe1 Bxd1 $19 {[%emt 0:00:27] Black is clearly winning.} 38. Re8 Rxe8 39. Qxe8+ Qc8 {[%emt 0:00:08] Weighted Error Value: White=0.60/Black=0.19 (very precise)   Loses game:     	White=1     	---        Mistake:       	White=3     	Black=4      Inaccurate:     	White=4     	Black=2      OK:         	White=4     	Black=10     Best:        	---       	Black=2      Strong:       	---       	Black=1} 0-1

[Event "2nd Bundesliga Nord 2024-25"]
[Site "Germany"]
[Date "2025.02.23"]
[Round "9.10"]
[White "Gaponenko, Inna"]
[Black "Kuzubov, Yuriy"]
[Result "0-1"]
[Annotator "TA"]
[ECO "C42"]
[WhiteElo "2341"]
[BlackElo "2597"]
[PlyCount "124"]
[EventDate "2024.11.29"]
[EventType "team-tourn"]
[EventCountry "GER"]
[SourceTitle "playchess.com"]
[Source "ChessBase"]
[SourceQuality "1"]
[TimeControl "40/5400+30:1800+30"]

1. e4 e5 2. Nf3 Nf6 3. Nxe5 d6 4. Nf3 Nxe4 5. Qe2 Qe7 6. d3 Nf6 7. Bg5 Qxe2+ 8. Bxe2 Nbd7 {[%emt 0:00:05] C42: Petroff Defence: 3 Nxe5 and unusual White 3rd moves.} 9. O-O h6 10. Bd2 g6 {[%emt 0:02:02] The position is equal.} 11. Re1 Bg7 12. c4 $146 ({Predecessor:} 12. Bf1+ Kd8 13. Nc3 Nb6 14. g3 Nfd5 15. Nxd5 Nxd5 16. c3 Be6 17. Nh4 Kd7 18. Ng2 Rhe8 19. Nf4 Nxf4 20. Bxf4 a5 21. d4 {½-½ Bobak,M-Weglarz,L (2400) EU-ch Union SCIPT 1999 (7)}) 12... O-O 13. Nc3 a6 14. d4 Nb6 15. a4 Bg4 16. a5 Bxf3 17. Bxf3 (17. gxf3 $14 Nc8 18. Bf1) 17... Nxc4 $11 18. Bc1 {[%emt 0:00:04][%cal Ob2b3] A strong pair of Bishops.} Rfe8 19. Rd1 {[%emt 0:00:11][%cal Ob2b3] b3! would now be deadly.} (19. Rxe8+ Rxe8 20. Kf1 d5 $15) 19... d5 20. Nxd5 Nxd5 21. Bxd5 Nd6 22. Bf4 Rad8 23. Bxd6 Rxd6 24. Bxb7 Rb8 25. Bf3 Bxd4 26. Ra2 c5 27. Kf1 Rb4 (27... Rxb2 $2 28. Rxb2 Rd7 29. Rb6 $18) 28. Rd2 Kf8 29. Ke2 Ke7 30. Kf1 f5 31. h3 h5 32. Be2 c4 33. g3 $1 Bf6 34. Rc2 Rc6 35. Ke1 Rc5 $36 {[%emt 0:00:00][%mdl 2048] Black has the initiative.} 36. Kd1 h4 37. g4 Rd5+ 38. Rd2 (38. Ke1 $15) 38... Kd6 $17 {[%emt 0:00:00] Black is much more active. The white rooks are passive.} 39. gxf5 gxf5 (39... Rxb2 40. Raxb2 Bxb2 41. Bxc4 (41. fxg6 Kc5 $18) 41... Rxd2+ 42. Kxd2 gxf5 43. Bxa6 $16) 40. Bf1 (40. Rxd5+ $17 {is the only way for White.} Kxd5 41. Kc2) 40... Rxd2+ $19 (40... Rxb2 41. Raxb2 Bxb2 42. Bxc4 Rxd2+ 43. Kxd2 $16) (40... Bxb2 41. Bxc4 Rxc4 42. Raxb2 $11) 41. Kxd2 {[%emt 0:30:01][%mdl 4096] Endgame KRB-KRB} Kc5 (41... Rxb2+ 42. Rxb2 c3+ 43. Kc2 cxb2 44. Bxa6 $16) (41... Bxb2 42. Bxc4 Rxc4 43. Rxb2 $11) 42. Kc1 Kb5 43. Be2 (43. Bg2 $142) 43... Rb3 44. f3 Re3 45. Kd2 Bg5 (45... Re6 $19 {aiming for ...Kb4.} 46. f4 Bd4) 46. Ke1 $2 {[%emt 0:00:00] Loses the game.} (46. f4 $17 Bxf4 (46... Rxh3 $2 47. fxg5 Rb3 48. g6 $18) 47. Bxc4+ Kb4 (47... Kxc4 48. Ra4+ Kb3 49. Rxf4 $17) 48. Kc2) 46... Rb3 47. Bd1 {[%emt 0:00:00] [#]} Kb4 48. Ke2 (48. Bxb3 $2 Kxb3 49. Ra1 Kxb2 $19) 48... Re3+ 49. Kf2 Rd3 50. Ke1 Bd2+ 51. Ke2 Bc1 52. Ra4+ (52. Ke1 $142) 52... Kc5 53. Ra2 Kd4 54. Ke1 Bd2+ 55. Ke2 $2 (55. Kf1 Bb4 56. Ra1) 55... Bb4 {[%emt 0:02:23] [#] ( -> ...Rd2+)} 56. Ba4 Rd2+ ({Weaker is} 56... Bxa5 57. Bd7 Rd2+ 58. Kf1 $11) 57. Kf1 Ke3 ({Not} 57... Bxa5 58. Bd7 Ke3 (58... Rd1+ 59. Kf2 $17) 59. Bxf5 $17) 58. Ra1 Rf2+ (58... Bxa5 59. Re1+ Kxf3 60. Re5 $15) 59. Kg1 Rxb2 60. Bd7 Kxf3 61. Bxf5 Bc5+ 62. Kh1 Kg3 {[%emt 0:00:11] Weighted Error Value: White=0.51/Black=0.07 (flawless)   Loses game:     	White=1     	---        Mistake:       	White=6     	Black=1      Inaccurate:     	White=4     	Black=1      OK:         	White=19    	Black=29     Best:        	White=2     	Black=4      Strong:       	White=1     	---} 0-1